 Dungeon Sprint DCSS version 0.29.1-12-g30fa7ad0bf (webtiles) character file.

Game seed: 9344893615945842602

1908 Groucho the Unseen (level 8, -6/42 HPs)
             Began as a Spriggan Enchanter on Dec 17, 2022.
             Was an Initiate of Dithmenos.
             Mangled by a yaktaur (17 damage)
             ... in the Dungeon (Sprint II: "The Violet Keep of Menkaure").
             The game lasted 00:04:16 (493 turns).

Groucho the Unseen (Spriggan Enchanter)              Turns: 493, Time: 00:04:17

Health: -6/42      AC:  2    Str:  6    XL:     8   Next: 94%
Magic:  17/22      EV: 20    Int: 17    God:    Dithmenos [......]
Gold:   213        SH:  0    Dex: 15    Spells: 15/26 levels left

rFire   . . .      SeeInvis +   f - +2 dagger (protect)
rCold   . . .      Faith    .   (no shield)
rNeg    . . .      Spirit   .   b - +0 robe
rPois   .          Reflect  .   (helmet restricted)
rElec   .          Harm     .   (no cloak)
rCorr   .          Rampage  .   (gloves unavailable)
Will    +....      NoTele   +   (boots unavailable)
Stlth   ++++++....              (no amulet)
HPRegen 0.14/turn               j - ring of flight
MPRegen 0.18/turn               (no ring)

@: confusing by touch, flying, invisible, very quick
A: very small, no large weapons, unfitting armour, see invisible, speed 3
a: Renounce Religion


You were in the Dungeon.
You worshipped Dithmenos.
Dithmenos was noncommittal.
You visited 1 branch You collected 729 gold pieces.
You spent 516 gold pieces at shops.

Inventory:

Hand Weapons
 a - a +2 rapier of holy wrath
 f - a +2 dagger of protection (weapon)
Armour
 b - a +0 robe (worn)
Jewellery
 j - a ring of flight (left hand)
Scrolls
 i - a scroll of blinking
Potions
 d - a potion of curing
 e - a potion of heal wounds
 g - 2 potions of magic
 h - a potion of berserk rage


   Skills:
 + Level 4.1 Fighting
 + Level 6.0 Short Blades
 + Level 7.3 Dodging
 - Level 17.0 Stealth
 + Level 9.8 Spellcasting
 * Level 5.5 Conjurations
 + Level 10.1 Hexes
 - Level 5.0 Invocations


You had 15 spell levels left.
You knew the following spells:

 Your Spells              Type           Power      Damage    Failure   Level
a - Ensorcelled Hibernat  Hex/Ice        50%        N/A       1%          2
b - Confusing Touch       Hex            43%        N/A       1%          3
c - Dazzling Flash        Conj/Hex       70%        N/A       1%          3
d - Tukima's Dance        Hex            43%        N/A       1%          3

Your spell library contained the following spells:

 Spells                   Type           Power      Damage    Failure   Level


Dungeon Overview and Level Annotations

Branches:
Dungeon (1/1)

Altars:
Cheibriados
Dithmenos
Elyvilon
Fedhas
Gozag
Hepliaklqana
Kikubaaqudgha
Makhleb
Nemelex Xobeh
Okawaru
Qazlal
Ru
Sif Muna
Trog
Uskayaw
Vehumet
Wu Jian
Xom
Yredelemnul
Zin
The Shining One
Jiyva
Lugonu

Shops:
D :(((:(![!==!?[(

Annotations:
D exclusions: ice statue and oklob plant


Innate Abilities, Weirdness & Mutations

You are very small and have problems with some larger weapons.
You are too small for most types of armour.
You have supernaturally acute eyesight. (SInv)
You cover ground extremely quickly. (Speed+++)


Message History

The yaktaur shoots a bolt.
The bolt hits the polar bear!
The polar bear misses you.
The polar bear completely misses you. x2
You hit the hornet.
The hornet is almost dead.
The hornet stings you.
You feel yourself slow down. The polar bear barely misses you.
The polar bear misses you.
The polar bear claws you but does no damage.
The hornet stings you but does no damage.
Casting: Confusing Touch (safe; 1% risk of failure)
Confirm with . or Enter, or press ? or * to list all spells.
Aiming: Ensorcelled Hibernation (safe; 1% risk of failure)
Press: ? - help, Shift-Dir - straight line, f - hornet
Aim: a hornet (almost dead, unable to see you, chance to affect: 48%)
The hornet resists with some effort.
You feel yourself speed up. The hornet misses you.
The yaktaur shoots a bolt.
The bolt closely misses the polar bear.
The bolt hits the hornet!!
The hornet dies!
Training target 5.0 for Invocations reached!
Your Fighting skill increases to level 4!
Your Short Blades skill increases to level 6!
Your Invocations skill increases to level 5!
Unknown command.
Casting: Ensorcelled Hibernation (safe; 1% risk of failure)
Confirm with . or Enter, or press ? or * to list all spells.
Your hands begin to glow red.
The polar bear completely misses you. x2
The polar bear misses you.
The yaktaur shoots a bolt.
The bolt hits the polar bear!!
You hit the polar bear but do no damage.
The polar bear is severely wounded.
The yaktaur shoots a bolt.
The bolt hits you!!
Ouch! That really hurt!
You are too injured to fight recklessly!
Unknown command.
Unknown command.
You hit the yaktaur but do no damage. The polar bear bites you!
* * * LOW HITPOINT WARNING * * *
The polar bear barely misses you. x2; The yaktaur unwields a +0 arbalest.
The yaktaur hits you!
You die... +++ ... ##.. #. .##.#### +.### ..# ...# .^.#### .####..## #..##$# [$$$$

###.##..# +..#..#▓?![)$
##...#..# #..#hc#▓?[:!$
.'.##'..####..##@#▓$[$))
##...#....###...##▓▓▓▓▓▓
###.##...§..~~~~~~~~~~~~
.####~~.§§..~#'########+
#÷#~~~~~§§..~#.._._._.#~
.##~~~~~~§~.~#._._._..#§
##~~~≈§§§§~~~#_._._._.#§
~~~~§≈≈≈≈§~~#._._._._#~
++#§§§≈§≈≈≈~#.._._._.#~


You could see a polar bear (wandering, unable to see you) and a yaktaur (unable
to see you).

Vanquished Creatures
  A merfolk siren (D)
  2 polar bears (D)
  2 wyverns (D)
  Menkaure (D)
  A water moccasin (D)
  4 necrophages (D)
  4 scorpions (D)
15 creatures vanquished.

Vanquished Creatures (others)
  A hornet (D)
1 creature vanquished.

Grand Total: 16 creatures vanquished

Notes
Turn   | Place    | Note
-------+----------+-------------------------------------------
     0 | D        | Groucho the Spriggan Enchanter began the quest for the Orb.
     0 | D        | Reached XP level 1. HP: 9/9 MP: 5/5
     3 | D        | Noticed a scorpion
     3 | D        | Noticed a scorpion
     3 | D        | Noticed a scorpion
     3 | D        | Noticed a scorpion
     6 | D        | Killed a scorpion
     7 | D        | Reached skill level 9 in Stealth
     7 | D        | Reached skill level 5 in Spellcasting
     7 | D        | Reached skill level 5 in Hexes
     7 | D        | Reached XP level 2. HP: 13/13 MP: 6/9
     7 | D        | Reached XP level 3. HP: 16/16 MP: 6/10
     7 | D        | Killed a scorpion
     8 | D        | Reached skill level 11 in Stealth
     8 | D        | Reached XP level 4. HP: 21/21 MP: 7/13
    10 | D        | Killed a scorpion
    11 | D        | Reached skill level 12 in Stealth
    11 | D        | Reached XP level 5. HP: 24/24 MP: 7/15
    12 | D        | Reached skill level 13 in Stealth
    16 | D        | Noticed a merfolk siren
    19 | D        | Killed a merfolk siren
    20 | D        | Reached skill level 15 in Stealth
    20 | D        | Reached XP level 6. HP: 30/30 MP: 7/18
    20 | D        | Reached XP level 7. HP: 35/35 MP: 7/20
    27 | D        | Reached skill level 5 in Dodging
    39 | D        | Noticed a wyvern
    39 | D        | Noticed a wyvern
    42 | D        | Killed a wyvern
    45 | D        | Killed a wyvern
    46 | D        | Reached skill level 16 in Stealth
    46 | D        | Reached XP level 8. HP: 40/40 MP: 9/22
    61 | D        | Noticed an orange crystal statue
    72 | D        | Noticed an ice statue
    84 | D        | Found Sinunil's Weapon Shop.
    84 | D        | Found Jootzuclen's Distillery.
    84 | D        | Found Docish's Jewellery Shop.
    84 | D        | Found Dewyrout's Antique Armour Shop.
    84 | D        | Found Hetyam's Jewellery Shop.
    84 | D        | Found Sykaohystre's Distillery.
    85 | D        | Found Vawikk's Antique Weapon Boutique.
    85 | D        | Found Dyvug's Book Shop.
    85 | D        | Found Quejaxtu's Antique Weapon Boutique.
    85 | D        | Found Neuff's Magic Scroll Shop.
    89 | D        | Learned a level 2 spell: Ensorcelled Hibernation
    93 | D        | Learned a level 3 spell: Confusing Touch
    97 | D        | Learned a level 3 spell: Dazzling Flash
   101 | D        | Learned a level 3 spell: Tukima's Dance
   101 | D        | Found Yfrotatu's Antique Armour Boutique.
   101 | D        | Found Viujorop's Distillery.
   101 | D        | Found Qanuu's Antique Weapon Shop.
   101 | D        | Found Iteim's Weapon Boutique.
   101 | D        | Noticed Menkaure
   128 | D        | Killed Menkaure
   363 | D        | Noticed an oklob plant
   363 | D        | Noticed a polar bear
   364 | D        | Found Jukaoshe's Book Shoppe.
   367 | D        | Noticed a polar bear
   379 | D        | Bought a glowing dagger for 135 gold pieces
   391 | D        | Bought a ring of flight for 227 gold pieces
   406 | D        | Bought a runed rapier for 154 gold pieces
   455 | D        | Found a hazy altar of Hepliaklqana.
   455 | D        | Found a snail-covered altar of Cheibriados.
   456 | D        | Found a stormy altar of Qazlal.
   456 | D        | Found a viscous altar of Jiyva.
   456 | D        | Found a shadowy altar of Dithmenos.
   458 | D        | Found a sacrificial altar of Ru.
   458 | D        | Found an ancient bone altar of Kikubaaqudgha.
   458 | D        | Found a white marble altar of Elyvilon.
   459 | D        | Found an ornate altar of the Wu Jian Council.
   459 | D        | Found a shimmering blue altar of Sif Muna.
   459 | D        | Found a corrupted altar of Lugonu.
   460 | D        | Found a shimmering altar of Xom.
   460 | D        | Found a bloodstained altar of Trog.
   460 | D        | Found a burning altar of Makhleb.
   461 | D        | Found a glowing golden altar of the Shining One.
   461 | D        | Found a basalt altar of Yredelemnul.
   461 | D        | Found a hide-covered altar of Uskayaw.
   463 | D        | Found a glowing silver altar of Zin.
   463 | D        | Found a radiant altar of Vehumet.
   463 | D        | Noticed a polar bear
   465 | D        | Found a blossoming altar of Fedhas.
   465 | D        | Found a sparkling altar of Nemelex Xobeh.
   465 | D        | Noticed a hornet
   466 | D        | Found an opulent altar of Gozag.
   466 | D        | Found an iron altar of Okawaru.
   466 | D        | Noticed a yaktaur
   470 | D        | Noticed a flying skull
   471 | D        | Noticed a flying skull
   471 | D        | Noticed a flying skull
   471 | D        | Noticed a flying skull
   473 | D        | Became a worshipper of Dithmenos the Shadowed
   482 | D        | Noticed a polar bear
   482 | D        | Noticed a polar bear
   483 | D        | Killed a polar bear
   484 | D        | Reached skill level 5 in Short Blades
   484 | D        | Reached skill level 5 in Conjurations
   484 | D        | Killed a polar bear
   485 | D        | Reached skill level 17 in Stealth
   485 | D        | Reached skill level 10 in Hexes
   489 | D        | Killed a hornet
   490 | D        | Reached skill level 5 in Invocations
   493 | D        | Mangled by a yaktaur

Illustrated notes

Levels and vault maps discovered:
D:        the_violet_keep_of_menkaure [sprint2_stairs_cluster_1,
          sprint2_shoproom, sprint2_temple, sprint2_basic_supplies,
          sprint2_obstacle_2, sprint2_obstacle_1, sprint2_obstacle_4,
          sprint2_obstacle_5, sprint2_obstacle_3, sprint2_timed_cluster_1,
          sprint2_smallroom_cluster_1, sprint2_smallroom_final_cluster_1,
          sprint2_transparent_cluster_1, sprint2_second_timed_cluster_1,
          sprint2_sniper_area_1, sprint2_heavy_combat_area_1,
          sprint2_mutation_trap_area_1, sprint2_forest_area_1,
          sprint2_light_combat_area_1, sprint2_behind_water_1,
          sprint2_near_end_vault_1]

Skill      XL: |  1  2  3  4  5  6  7  8 |
---------------+-------------------------+-----
Stealth        | 9 11 12 15 16 17 | 17.0
Spellcasting   | 5 6 7 8 9 |  9.8
Hexes          | 5 6 7 8 9 10 | 10.1
Fighting       | 2 3 4 |  4.1
Short Blades   | 3 4 6 |  6.0
Dodging        | 4 6 7 |  7.3
Conjurations   | 3 4 5 |  5.5
Invocations    | 2 4 5 |  5.0

Action                   |  1- 3 |  4- 6 |  7- 9 || total
-------------------------+-------+-------+-------++-------
Melee: Dagger            |     2 |     3 |    27 ||    32
 Cast: Ensorcelled Hiber |       |       |     7 ||     7
       Confusing Touch   |       |       |     2 ||     2
  Use: Potion            |     2 |       |     1 ||     3
 Stab: Sleeping          |     2 |     3 |     8 ||    13
       Invisible         |       |       |     2 ||     2
       Confused          |       |       |     1 ||     1
Armor: Robe              |       |       |     2 ||     2
Dodge: Dodged            |       |       |    20 ||    20
